Map: [TLMC22] Exarch

Players

naane - Winner!

  • Race: Protoss Protoss

VOD

Have the link to the VOD?

Description

Time

  • Played on: Aug. 22, 2026, 4:09 p.m.
  • Length: 16:58
Show
View Real Time Build Order
Export as new Build Order

naane Protoss - Winner!

Build Orders:  

Get SALT Encoding   

  8  0:01  Probe (Chrono Boost)  
  9  0:12  Probe (Chrono Boost)  
  10  0:24  Probe (Chrono Boost)  
  12  0:40  Probe (Chrono Boost)  
  12  0:48  Pylon  
  12  0:57  Probe (Chrono Boost)  
  13  1:15  Probe (Chrono Boost)  
  14  1:31  Probe (Chrono Boost)  
  14  1:39  Gateway  
  15  1:42  Probe (Chrono Boost)  
  16  1:50  Assimilator  
  16  1:53  Probe (Chrono Boost)  
  17  2:16  Probe (Chrono Boost)  
  17  2:17  Pylon  
  18  2:33  Probe (Chrono Boost)  
  19  2:53  Probe (Chrono Boost)  
  19  2:56  Zealot  
  22  3:04  Probe (Chrono Boost)  
  23  3:19  Nexus  
  23  3:26  Probe (Chrono Boost)  
  23  3:28  Pylon  
  24  3:45  Cybernetics Core  
  24  3:56  Assimilator, Probe (Chrono Boost)  
  25  4:04  Zealot  
  27  4:13  Probe (Chrono Boost)  
  28  4:24  Gateway  
  28  4:35  Probe (Chrono Boost)  
  29  4:41  Forge  
  29  4:53  Probe (Chrono Boost)  
  30  5:04  Stalker  
  30  5:08  Probe (Chrono Boost)  
  33  5:19  Probe (Chrono Boost)  
  33  5:27  Probe (Chrono Boost)  
  35  5:31  Probe (Chrono Boost)  
  38  5:53  Pylon  
  38  6:00  Pylon  
  38  6:04  Pylon  
  38  6:11  Warp Gate, Gateway  
  38  6:14  Gateway  
  38  6:31  Unknown  
  32  7:56  Stargate  
  32  7:58  Stargate  
  32  8:04  Stalker  
  32  8:05  Stalker  
  36  8:12  Probe x2 (Chrono Boost)  
  36  8:18  Stalker x2  
  42  8:29  Probe x2 (Chrono Boost)  
  34  8:52  Protoss Ground Weapons Level 1 (Chrono Boost), Gateway  
  34  8:55  Gateway  
  34  8:58  Gateway x2  
  34  9:02  Twilight Council  
  34  9:06  Stalker x2  
  34  9:07  Stalker x2  
  42  9:38  Void Ray  
  46  9:47  Probe (Chrono Boost)  
  47  9:56  Assimilator  
  47  9:58  Stalker x2  
  47  9:59  Stalker  
  53  10:01  Assimilator  
  53  10:04  Probe (Chrono Boost)  
  55  10:21  Probe (Chrono Boost)  
  55  10:36  Probe (Chrono Boost)  
  56  10:43  Nexus  
  56  10:53  Probe  
  57  11:01  Protoss Air Weapons Level 1  
  57  11:10  Probe  
  58  11:24  Probe  
  58  11:27  Probe  
  60  11:30  Nexus  
  60  11:33  Stalker  
  60  11:35  Stalker  
  60  11:36  Stalker x3  
  70  11:41  Probe  
  70  11:44  Probe  
  72  11:58  Probe  
  73  12:00  Probe  
  73  12:04  Pylon  
  73  12:06  Pylon  
  74  12:10  Pylon  
  74  12:14  Pylon  
  74  12:16  Assimilator  
  74  12:23  Probe x2, Assimilator  
  74  12:27  Probe  
  77  12:39  Assimilator, Probe  
  77  12:41  Pylon  
  77  12:44  Probe, Pylon  
  77  12:46  Assimilator  
  77  12:48  Pylon  
  79  12:52  Pylon  
  79  13:01  Probe x3  
  82  13:14  Void Ray  
  82  13:18  Probe x2  
  88  13:27  Fleet Beacon  
  88  13:35  Probe  
  89  13:40  Probe x3  
  80  14:33  Stalker x3  
  80  14:34  Stalker x2  
  80  14:35  Stalker x3  
  100  14:40  Void Ray x2  
  104  15:24  Probe x4  
  108  15:40  Void Ray, Probe  
  108  15:41  Probe x3  
  122  15:54  Pylon  
  122  15:57  Probe  
  122  15:58  Probe x3  
  126  16:14  Probe  
  126  16:15  Probe x3  
Tags
 
Add a new tag
Caveats
  • Supply blocks, unpowered buildings, or Contaminate may cause inaccurate times.
  • Supply counts are checked every 10 seconds.